 Dungeon Crawl Stone Soup version 0.27.1-2-g3b301248ec (webtiles) character file.

Game seed: 2560172034586069594

114 ABBCCCDDDD the Skirmisher (level 4, 0/33 HPs)
             Began as an Octopode Abyssal Knight on Sept 28, 2021.
             Was a Follower of Lugonu.
             Slain by a scorpion (3 damage)
             ... on level 3 of the Dungeon.
             The game lasted 00:02:35 (3942 turns).

ABBCCCDDDD the Skirmisher (Octopode Abyssal Knight) Turns: 3942, Time: 00:02:36

Health: 0/33       AC:  1    Str: 11    XL:     4   Next: 98%
Magic:  5/5        EV: 13    Int: 15    God:    Lugonu [*.....]
Gold:   165        SH:  0    Dex: 11    Spells: 2/5 levels left

rFire    + . .     SeeInvis .   a - +1 falchion
rCold    + . .     Faith    .   (no shield)
rNeg     . . .     Spirit   .   (helmet restricted)
rPois    +         Reflect  .   (no amulet)
rElec    +         Harm     .   (no ring)
rCorr    +         Rampage  .   (no ring)
Will     .....                  (no ring)
Stlth    +++.......             (no ring)
HPRegen  0.11/turn              (no ring)
MPRegen  0.09/turn              (no ring)
                                (no ring)
                                (no ring)

@: lethally poisoned (0 -> -3), resistant
A: almost no armour, amphibious, 8 rings, camouflage 1, gelatinous body 1,
(nimble swimmer 1), tentacles
a: Renounce Religion, Depart the Abyss


You were on level 3 of the Dungeon.
You worshipped Lugonu.
Lugonu was aware of your devotion.
You visited 1 branch of the dungeon, and saw 4 of its levels.
You visited the Abyss 1 time.

You collected 165 gold pieces.

Inventory:

Hand Weapons
 a - a +1 falchion (weapon)
Wands
 b - a wand of polymorph (11)
 t - a wand of flame (5)
Scrolls
 c - a scroll of vulnerability {unknown}
 d - a scroll of holy word {unknown}
 g - a scroll of noise {unknown}
 h - 4 scrolls of identify {unknown}
 j - a scroll of fog {unknown}
 k - a scroll of amnesia {unknown}
 m - a scroll of acquirement {unknown}
 n - 3 scrolls of teleportation {unknown}
 o - a scroll of fear {unknown}
 r - a scroll of summoning {unknown}
Potions
 e - a potion of berserk rage {unknown}
 f - a potion of resistance
 i - 2 potions of might {unknown}
 l - a potion of curing {unknown}
 p - 2 potions of brilliance {unknown}
 q - a potion of lignification {unknown}
 s - a potion of haste {unknown}


   Skills:
 + Level 3.8 Fighting
 + Level 3.0 Long Blades
 - Level 2.3 Dodging
 + Level 3.0 Stealth
 + Level 1.0 Spellcasting
 + Level 1.0 Ice Magic
 - Level 2.0 Invocations


You had 2 spell levels left.
You knew the following spells:

 Your Spells              Type           Power      Damage    Failure   Level
a - Frozen Ramparts       Ice            6%         1d2       43%         3

Your spell library contained the following spells:

 Spells                   Type           Power      Damage    Failure   Level
 Freeze                   Ice            12%        1d4       16%         1
 Sublimation of Blood     Necr           0%         N/A       36%         2
 Hailstorm                Conj/Ice       2%         3d3       89%         4
 Petrify                  Tmut/Erth      0%         N/A       94%         4
 Irradiate                Conj/Tmut      0%         3d13      100%        5


Dungeon Overview and Level Annotations

Branches:
Dungeon (4/15)
 Temple: D:4-7

Altars:
Wu Jian


Innate Abilities, Weirdness & Mutations

You cannot wear most types of armour.
You are amphibious.
You can wear up to eight rings at the same time.
Your skin changes colour to match your surroundings (Stealth+).
Your rubbery body absorbs attacks. (AC +1, EV +1)
((You are camouflaged near water. (Stealth+)))
You have tentacles for arms and can constrict up to eight enemies at once.


Message History

You see here 6 gold pieces.
A scorpion comes into view.
The helpless endoplasm fails to defend itself.
You hit the endoplasm.
The endoplasm is moderately wounded.
The endoplasm freezes you.
You are frozen.
You hit the endoplasm.
The endoplasm is severely wounded.
The endoplasm barely misses you.
You riposte.
You hit the endoplasm.
You kill the endoplasm!
Lugonu accepts your kill. The scorpion stings you!
You are poisoned.
The scorpion poisons you!
You hit the scorpion. Your grab misses the scorpion.
The scorpion is lightly wounded.
You feel very sick. The scorpion stings you. The scorpion barely misses you.
You are too injured to fight recklessly!
You are too injured to fight recklessly!
You are too injured to fight recklessly!
You barely miss the scorpion. You grab the scorpion.
The scorpion is lightly wounded.
You constrict the scorpion, but do no damage.
You feel sick. The scorpion misses you.
You hit the scorpion but do no damage. You squeeze the scorpion.
The scorpion is moderately wounded.
You constrict the scorpion, but do no damage.
You feel sick. The scorpion barely misses you. The scorpion closely misses you.
You hit the scorpion but do no damage.
The scorpion is moderately wounded.
You constrict the scorpion.
You feel sick. The scorpion stings you!
* * * LOW HITPOINT WARNING * * *
It was a potion of resistance.
You feel protected.
You constrict the scorpion.
* * * LOW HITPOINT WARNING * * *
You feel sick. The scorpion stings you.
You die...

.........#
#.....#.#
........##
##..#...#
.#.....##
###...##..####
########
#[...$.$......
#####
#.####...!....
....# ...
#........
.)..# #...#
#........
.)..#...##
#........
......#
#@s......
....###
#........
....#
#.[......
<...#
#........
#####
#########


You could see a scorpion.

Levels and vault maps discovered:
D:1:      amcnicky_arrival_double_pillar, layout_basic,
          chequers_serial_rivers_room_a, serial_bayou_lagoon_a, minivault_24
D:2:      layout_basic, basic_altar
D:3:      layout_rooms, chequers_ecumenical_altar_island, minivault_5,
          uniq_grinder
D:4:      layout_loops_corners, grunt_decor_one_mirror

Notes
Turn   | Place    | Note
-------+----------+-------------------------------------------
     0 | Abyss:1  | ABBCCCDDDD the Octopode Abyssal Knight began the quest for
                  | the Orb.
     0 | Abyss:1  | Reached XP level 1. HP: 16/16 MP: 2/2
    37 | Abyss:2  | Noticed a flying skull
    39 | Abyss:2  | Noticed a freezing wraith
    41 | D:1      | Escaped the Abyss
   112 | D:1      | Reached skill level 1 in Stealth
   115 | D:1      | Reached XP level 2. HP: 10/21 MP: 3/3
   814 | D:1      | Reached * piety under Lugonu
  1286 | D:2      | Found an ornate altar of the Wu Jian Council.
  1765 | D:2      | Reached XP level 3. HP: 26/26 MP: 4/4
  2553 | D:4      | Learned a level 3 spell: Frozen Ramparts
  2615 | D:4      | Reached XP level 4. HP: 27/31 MP: 5/5
  2827 | D:4      | Reached skill level 1 in Spellcasting
  3618 | D:3      | Reached skill level 1 in Ice Magic
  3931 | D:3      | Noticed a scorpion
  3942 | D:3      | Slain by a scorpion

Table legend: (Time is in decaauts)
 A = Elapsed time spent in this place.
 B = Non-inter-level travel time spent in this place.
 C = Inter-level travel time spent in this place.
 D = Time resting spent in this place.
 E = Time spent auto-exploring this place.
 F = Levels seen in this place.
 G = Mean time per level.
                   A        B        C        D        E       F      G
               +--------+--------+--------+--------+--------+-----+--------+
         Total |   3955 |   3754 |    201 |    714 |   2608 |   6 |  659.2 |
       Dungeon |   3914 |   3713 |    201 |    714 |   2608 |   4 |  978.5 |
         Abyss |     40 |     40 |      0 |      0 |      0 |   2 |   20.0 |
               +--------+--------+--------+--------+--------+-----+--------+

Top non-repeatable levels by time:
     D:2: 1343 daAuts
     D:1: 1146 daAuts
     D:4: 913 daAuts
     D:3: 512 daAuts
 Abyss:2: 35 daAuts
 Abyss:1: 5 daAuts

Table legend:
 A = Kills in this place as a percentage of kills in entire the game.
 B = Kills by you in this place as a percentage of kills by you in the entire game.
 C = Kills by friends in this place as a percentage of kills by friends in the entire game.
 D = Other kills in this place as a percentage of other kills in the entire game.
 E = Experience gained in this place as a percentage of experience gained in the entire game.
 F = Experience gained in this place divided by the number of levels of this place that you have seen.
                   A       B       C       D       E      F
               +-------+-------+-------+-------+-------+----------------------
         Total | 100.0 | 100.0 |   N/A |   N/A | 100.0 |  27.3
       Dungeon | 100.0 | 100.0 |   N/A |   N/A | 100.0 |  41.0
               +-------+-------+-------+-------+-------+----------------------

Action                   |  1- 3 |  4- 6 || total
-------------------------+-------+-------++-------
Melee: Falchion          |    44 |    36 ||    80
       Constrict         |    13 |    10 ||    23
       Tentacles         |    10 |     6 ||    16
Invok: Depart the Abyss  |     1 |       ||     1
  Use: Scroll            |     1 |       ||     1
       Potion            |       |     1 ||     1
 Stab: Sleeping          |     7 |     6 ||    13
Armor: Skin              |     2 |     2 ||     4
Dodge: Dodged            |    30 |    31 ||    61
       Rpst.: Falchion   |    12 |     8 ||    20

Vanquished Creatures
  A hound skeleton (D:4)
  3 gnolls (D:3)
  2 adders
  A worm (D:2)
  2 dart slugs
  An orc (D:3)
  2 endoplasms (D:3)
  3 giant cockroaches
  4 goblins
  5 hobgoblins
  3 jackals (D:4)
  A quokka (D:2)
  4 ball pythons
  3 bats
  2 frilled lizards
  6 kobolds
  2 rats (D:2)
45 creatures vanquished.
